 Dungeon Crawl Stone Soup version 0.30-a0-622-gddc90eaa04 (webtiles) character file.

Game seed: 18080044690790309871

562 kae the Changer (level 7, -1/48 HPs)
             Began as a Demonspawn Transmuter on Jan 10, 2023.
             Slain by a kobold brigand
             ... wielding a +0 dagger
              (6 damage)
             ... in a sewer.
             The game lasted 00:04:18 (3676 turns).

kae the Changer (Demonspawn Transmuter)             Turns: 3676, Time: 00:04:19

Health: -1/48      AC:  2    Str: 10    XL:     7   Next: 10%
Magic:  11/12      EV: 19    Int: 23    God:
Gold:   139        SH:  0    Dex: 18    Spells: 3/13 levels left

rFire   . . .      SeeInvis .      - Unarmed
rCold   . . .      Faith    .    (shield currently unavailable)
rNeg    . . .      Spirit   .    (body armour currently unavailable)
rPois   x          Reflect  .    (helmet currently unavailable)
rElec   .          Harm     .    (cloak currently unavailable)
rCorr   .          Rampage  .    (gloves currently unavailable)
Will    +....                    (boots currently unavailable)
Stlth   ++                       (no amulet)
HPRegen 0.28/turn                e - ring of willpower
MPRegen 0.13/turn                I - +6 ring of intelligence

@: spider-form, slowed, very slow
A: venomous fangs, tiny, (yellow scales 1), demonic guardian 1, (spiny 1)
a: End Transformation


You were in a sewer.
You were a venomous arachnid creature.
You visited 1 branch of the dungeon, and saw 4 of its levels.
You also visited: Sewer.

You collected 139 gold pieces.


Innate Abilities, Weirdness & Mutations

You are a venomous arachnid creature.
You have venomous fangs.
You are tiny and dextrous.
Your spellcasting is less reliable in this form.
Your armour is entirely melded.
You are incapable of wielding weapons or throwing items.
((You are partially covered in yellow scales. (AC +2)))
A weak demonic guardian rushes to your aid.
((You are partially covered in sharp spines.))


   Skills:
 - Level 1.0 Fighting
 - Level 1.7 Dodging
 + Level 4.0 Unarmed Combat
 + Level 3.6 Spellcasting
 * Level 4.8 Transmutations
 * Level 1.8 Ice Magic
 - Level 1.6 Poison Magic


You had 3 spell levels left.
You knew the following spells:

 Your Spells              Type           Power      Damage    Failure   Level
a - Beastly Appendage     Tmut           52%        N/A       7%          1
b - Wereblood             Tmut           26%        N/A       9%          2
c - Spider Form           Tmut/Pois      19%        N/A       22%         3
d - Ice Form              Ice/Tmut       19%        N/A       47%         4

Your spell library contained the following spells:

 Spells                   Type           Power      Damage    Failure   Level
 Necrotise                Necr           16%        1d4       26%         1
 Blink                    Tloc           8%         N/A       36%         2
 Momentum Strike          Conj/Tloc      8%         3d8       36%         2
 Lesser Beckoning         Tloc           8%         N/A       54%         3
 Vampiric Draining        Necr           4%         2d6       54%         3
 Agony                    Necr           4%         N/A       99%         5

Inventory:

Missiles
 c - 32 stones
 o - 6 boomerangs
 p - 2 datura-tipped darts
 r - 17 poisoned darts
Armour
 a - a +0 robe (melded)
Jewellery
 e - a ring of willpower (left front pincers)
   (You found it on level 1 of the Dungeon)
 I - a +6 ring of intelligence (right front pincers)
   (You found it on level 3 of the Dungeon)
Scrolls
 l - 3 scrolls of teleportation {@r4}
 n - 2 scrolls of enchant armour
 q - a scroll of identify {@r1}
 t - a scroll of immolation {!r!r}
 u - a scroll of blinking {!r}
 v - a scroll of poison {!r}
 w - a scroll of enchant weapon {unknown}
Potions
 b - a potion of lignification {!q}
 f - 5 potions of cancellation
 g - a potion of degeneration {unknown}
 h - a potion of might
 i - 3 potions of attraction {unknown}
 j - 3 potions of haste {unknown}
 k - 3 potions of flight {unknown}
 s - a potion of berserk rage {unknown}

Dungeon Overview and Level Annotations

Branches:
Dungeon (4/15) Zot: 21279   Sewer (1/1) Zot: 4922
 Temple: D:4-7

Altars:
Xom

Annotations:
D:3 3 runed translucent doors, Stil's ghost, amateur DsFi; adozu's ghost, amateur OpVM

#########
######
#.#.#.#.#
#.#.#.
#~#~#~#~#
#~#~#~
#~#~#~#~#
#~#~#~
#5#~#~#~#
#~#~#~
#sK5#~†)#
#†~.#)
##~###~##
##~###
#~# #~#
#~# #
#~###.#
#~###
#.~~~~#
#.~~.
##~.~##
##~.~
#~~.#
#~~.
#.~~#
#.~.
#.~.##
##~~.


You could see a kobold brigand (ally target), a friendly iron imp (summoned) and
a friendly ufetubus (summoned).


Message History

😎 HP[+3]
Your hp is fully restored (48).
There are monsters nearby!
Unknown command.
There are monsters nearby!
There are monsters nearby!
Casting: Spider Form (dangerous; 9% risk of failure)
Confirm with . or Enter, or press ? or * to list all spells.
You turn into a venomous arachnid creature.
Your +0 robe melds into your body.
The kobold brigand throws a poisoned dart.
The poisoned dart closely misses you.
The kobold brigand throws a curare-tipped dart.
The curare-tipped dart hits you.
You are poisoned.
You have difficulty breathing.
You feel yourself slow down.
The kobold brigand throws a curare-tipped dart.
The curare-tipped dart barely misses you.
The kobold brigand throws a poisoned dart.
The poisoned dart misses you.
You feel extremely sick.
The kobold brigand hits you with a +0 dagger.
* * * LOW HITPOINT WARNING * * *
The kobold brigand splashes around in the water. 😨 HP[-29] MP[-3]
You take 29 damage, and now have 19/48 hp.
MASSIVE DAMAGE!! (PAUSE)
You lost 3 mp, and now have 9/12 mp.
You feel much better.
You feel extremely sick.
The kobold brigand splashes around in the water. x2
The kobold brigand hits you with a +0 dagger!
The kobold brigand misses you. 😮 HP[+8] MP[+1]
You regained 8 hp, and now have 27/48 hp.
You hit the kobold brigand.
The kobold brigand is poisoned.
You feel very sick. The kobold brigand misses you.
The kobold brigand hits you with a +0 dagger.
* * * LOW HITPOINT WARNING * * *
😨 HP[-6]
You take 6 damage, and now have 21/48 hp.
You hit the kobold brigand.
The kobold brigand looks as sick as possible!
You feel very sick.
The kobold brigand hits you with a +0 dagger.
* * * LOW HITPOINT WARNING * * *
The kobold brigand hits you with a +0 dagger.
* * * LOW HITPOINT WARNING * * *
A demonic guardian appears!
The kobold brigand hits you with a +0 dagger.
* * * LOW HITPOINT WARNING * * *
😱 HP[-17]
You take 17 damage, and now have 4/48 hp.
MASSIVE DAMAGE!! (PAUSE) It was a potion of curing.
You feel better.
The kobold brigand splashes around in the water.
Your ufetubus barely misses the kobold brigand.
Your ufetubus closely misses the kobold brigand.
The kobold brigand hits you with a +0 dagger.
* * * LOW HITPOINT WARNING * * *
The kobold brigand hits you but does no damage.
Your ufetubus hits the kobold brigand. x2 😱 HP[+7]
You regained 7 hp, and now have 11/48 hp.
You hit the kobold brigand.
Your ufetubus barely misses the kobold brigand. x2
The kobold brigand closely misses you.
The kobold brigand splashes around in the water.
Your ufetubus barely misses the kobold brigand.
Your ufetubus splashes around in the water.
Unknown command.
You closely miss the kobold brigand. The kobold brigand misses you.
Your ufetubus splashes around in the water.
Your ufetubus hits the kobold brigand. The kobold brigand barely misses you.
The kobold brigand hits you with a +0 dagger!
* * * LOW HITPOINT WARNING * * *
A demonic guardian appears!
Your ufetubus splashes around in the water.
Your ufetubus hits the kobold brigand but does no damage. 😱 HP[-6] MP[+1]
You take 6 damage, and now have 5/48 hp.
Unknown command.
You barely miss the kobold brigand.
Your ufetubus barely misses the kobold brigand.
Your ufetubus misses the kobold brigand.
The kobold brigand completely misses you.
The kobold brigand splashes around in the water.
Your ufetubus misses the kobold brigand.
Your ufetubus hits the kobold brigand but does no damage.
The kobold brigand misses you.
Your iron imp splashes around in the water.
Unknown command.
You hit the kobold brigand but do no damage.
The kobold brigand looks as sick as possible!
You kill the kobold brigand!
You hear a splash. x2
The kobold brigand hits you with a +0 dagger.
You die...

Skill      XL: |  1  2  3  4  5  6 |
---------------+-------------------+-----
Transmutations | 2 3 4 |  4.8
Unarmed Combat | 3 4 |  4.0
Poison Magic   | 1 |  1.6
Spellcasting   | 3 |  3.6
Ice Magic      | 1 |  1.8
Fighting       | |  1.0
Dodging        | |  1.7

Action                   |  1- 3 |  4- 6 |  7- 9 || total
-------------------------+-------+-------+-------++-------
Melee: Unarmed           |    67 |   185 |     6 ||   258
       Kick              |    16 |    10 |       ||    26
       Headbutt          |     8 |     7 |       ||    15
 Cast: Beastly Appendage |    25 |    17 |       ||    42
       Spider Form       |     1 |    15 |     1 ||    17
       Wereblood         |       |     1 |       ||     1
  Use: Scroll            |     5 |     5 |       ||    10
       Potion            |       |     2 |     2 ||     4
 Stab: Sleeping          |     1 |       |       ||     1
Armor: Robe              |     6 |     8 |       ||    14
       Skin              |       |     7 |     1 ||     8
Dodge: Dodged            |    48 |   151 |    10 ||   209

Levels and vault maps discovered:
D:1:      erik_arrival_triangle_small, layout_rooms, nrook_mini_vaults,
          corexii_hall_statues_i
D:2:      layout_loops_cross, shapermc_ecumenical_altar_mp_vishouse,
          serial_bayou_pond_d
D:3:      layout_basic, xom_confusion_cloud, gammafunk_ghost_cemetery
D:4:      layout_basic, grunt_temple_overflow_bloody_war, gup_sewer_entry_glass
Sewer:    sewer_co_tree

Notes
Turn   | Place    | Note
-------+----------+-------------------------------------------
     0 | D:1      | kae the Demonspawn Transmuter began the quest for the Orb.
     0 | D:1      | Reached XP level 1. HP: 15/15 MP: 3/3
     0 | D:1      | magus.rc [v1.11.3]
    64 | D:1      | Reached skill level 2 in Transmutations
   170 | D:1      | Gained mutation: You are partially covered in sharp spines.
                  | [demonic ancestry]
   170 | D:1      | Reached XP level 2. HP: 18/21 MP: 5/5
   262 | D:1      | You pick up a book of Necromancy and begin reading...
   262 | D:1      | You add the spells Necrotise, Vampiric Draining and Agony
                  | to your library.
   389 | D:1      | Learned a level 2 spell: Wereblood
   450 | D:1      | Reached skill level 3 in Unarmed Combat
   733 | D:2      | Reached XP level 3. HP: 23/26 MP: 4/6
   737 | D:2      | Learned a level 3 spell: Spider Form
  1173 | D:2      | Found a faded altar of an unknown god.
  1218 | D:2      | Reached skill level 1 in Poison Magic
  1457 | D:3      | Gained mutation: A weak demonic guardian rushes to your
                  | aid. [demonic ancestry]
  1457 | D:3      | Reached XP level 4. HP: 32/32 MP: 1/7
  1459 | D:3      | You pick up a book of Spatial Translocations and begin
                  | reading...
  1459 | D:3      | You add the spells Blink, Momentum Strike and Lesser
                  | Beckoning to your library.
  1843 | D:3      | Reached skill level 3 in Transmutations
  1897 | D:3      | Found a shimmering altar of Xom.
  1970 | D:3      | Found a runed translucent gate.
  1970 | D:3      | Found a runed translucent gate.
  1971 | D:3      | Found a runed translucent gate.
  1986 | D:3      | Noticed adozu's ghost (amateur OpVM)
  1986 | D:3      | Noticed Stil's ghost (amateur DsFi)
  2575 | D:4      | Reached XP level 5. HP: 37/37 MP: 9/9
  2699 | D:4      | Found a glowing drain.
  2728 | Sewer    | Entered a sewer
  2858 | Sewer    | Reached skill level 3 in Spellcasting
  2858 | Sewer    | Reached skill level 4 in Transmutations
  2864 | Sewer    | Gained mutation: You are partially covered in yellow
                  | scales. (AC +2) [demonic ancestry]
  2864 | Sewer    | Reached XP level 6. HP: 22/43 MP: 7/10
  2875 | Sewer    | Learned a level 4 spell: Ice Form
  3327 | Sewer    | Reached skill level 1 in Ice Magic
  3460 | Sewer    | Reached skill level 4 in Unarmed Combat
  3619 | Sewer    | Reached XP level 7. HP: 37/48 MP: 9/12
  3671 | Sewer    | HP: 9/48 [kobold brigand/+0 dagger (4)]
  3671 | Sewer    | HP: 4/48 [kobold brigand/+0 dagger (5)]
  3676 | Sewer    | Slain by a kobold brigand

Vanquished Creatures
  5 kobold brigands (Sewer)
  10 adders
  A river rat (Sewer)
  5 worms
  2 dart slugs
  3 orcs
  5 bats
  13 endoplasms
  8 giant cockroaches
  5 goblins
  8 hobgoblins
  3 jackals (D:1)
  11 kobolds
  4 quokkas
  7 ball pythons
  3 frilled lizards
  7 rats
100 creatures vanquished.

Vanquished Creatures (collateral kills)
  A kobold brigand (Sewer)
  A kobold (Sewer)
  A rat (Sewer)
3 creatures vanquished.

Vanquished Creatures (others)
  A gnoll (D:3)
  A goblin (D:3)
  5 withered plants (D:3)
7 creatures vanquished.

Grand Total: 110 creatures vanquished

Table legend:
 A = Non-vault XP
 B = Vault XP
 C = Vault XP percentage of total XP
 D = Non-vault monster count
 E = Vault monster count
 F = Vault count percentage of total count
                 A         B        C        D         E       F
            +---------+---------+-------+---------+---------+-------
      Total |     194 |     704 |  78.4 |      63 |      40 |  38.8
            +---------+---------+-------+---------+---------+-------
        D:1 |      38 |       0 |   0.0 |      22 |       0 |   0.0
        D:2 |      54 |       0 |   0.0 |      16 |       0 |   0.0
        D:3 |      43 |      27 |  38.6 |      14 |       9 |  39.1
        D:4 |      59 |      46 |  43.8 |      11 |       6 |  35.3
      Sewer |       0 |     631 | 100.0 |       0 |      25 | 100.0
            +---------+---------+-------+---------+---------+-------

Illustrated notes

Table legend:
 A = Kills in this place as a percentage of kills in entire the game.
 B = Kills by you in this place as a percentage of kills by you in the entire game.
 C = Kills by friends in this place as a percentage of kills by friends in the entire game.
 D = Other kills in this place as a percentage of other kills in the entire game.
 E = Experience gained in this place as a percentage of experience gained in the entire game.
 F = Experience gained in this place divided by the number of levels of this place that you have seen.
                   A       B       C       D       E      F
               +-------+-------+-------+-------+-------+----------------------
         Total | 100.0 | 100.0 | 100.0 |   N/A | 100.0 | 179.6
       Dungeon |  75.7 |  78.0 |   0.0 |   N/A |  29.7 |  66.8
         Sewer |  24.3 |  22.0 | 100.0 |   N/A |  70.3 | 631.0
               +-------+-------+-------+-------+-------+----------------------

Table legend: (Time is in decaauts)
 A = Elapsed time spent in this place.
 B = Non-inter-level travel time spent in this place.
 C = Inter-level travel time spent in this place.
 D = Time resting spent in this place.
 E = Time spent auto-exploring this place.
 F = Levels seen in this place.
 G = Mean time per level.
                   A        B        C        D        E       F      G
               +--------+--------+--------+--------+--------+-----+--------+
         Total |   3796 |   3667 |    129 |     19 |   2821 |   5 |  759.2 |
       Dungeon |   2720 |   2591 |    129 |     16 |   2005 |   4 |  680.0 |
         Sewer |   1076 |   1076 |      0 |      3 |    816 |   1 | 1076.0 |
               +--------+--------+--------+--------+--------+-----+--------+

Top non-repeatable levels by time:
   Sewer: 1076 daAuts
     D:3: 969 daAuts
     D:1: 723 daAuts
     D:2: 701 daAuts
     D:4: 325 daAuts
